 Dungeon Crawl Stone Soup version 0.19-a0-1732-g0b18a7b (webtiles) character file.

6211 Charly the Cleaver (level 10, -2/111 HPs)
             Began as a Demonspawn Chaos Knight on Sept 30, 2016.
             Slain by a polar bear (16 damage)
             ... in an ice cave.
             The game lasted 01:04:25 (7188 turns).

Charly the Cleaver (Demonspawn Chaos Knight)        Turns: 7188, Time: 01:04:25

Health: -2/111     AC: 25    Str: 13    XL:     10   Next: 61%
Magic:  10/10      EV:  2    Int: 14    God:    Xom [...*..]
Gold:   590        SH:  0    Dex: 15    Spells: 1 memorised, 6 levels left

rFire  + + .     SeeInvis .     a - +8 frozen axe "Frostbite" {freezing cloud, *Noise +Fly rC+}
rCold  + . .     Gourm    .     (armour currently unavailable)
rNeg   + + +     Faith    .     (shield currently unavailable)
rPois  +         Spirit   .     (helmet currently unavailable)
rElec  +         Dismiss  .     (cloak currently unavailable)
rCorr  +         Reflect  .     (gloves currently unavailable)
MR     .....     Harm     .     (boots currently unavailable)
Stlth  +......... NoTele   +    s - amulet of magic regeneration
                                C - +2 ring of evasion
                                f - ring of fire

@: tree-form, resistant, very slightly contaminated, invisible
A: (antennae 0), (fire resistance 0), flame cloud immunity
a: Renounce Religion


You were in an ice cave.
You worshipped Xom.
You were a favourite toy of Xom.
You were very hungry.
You were a tree.
You visited 3 branches of the dungeon, and saw 12 of its levels.
You also visited: Ossuary and Ice Cave.

You collected 590 gold pieces.

Inventory:

Hand Weapons
 a - the +8 frozen axe "Frostbite" (weapon) {freezing cloud, *Noise +Fly rC+}
   (You found it on level 8 of the Dungeon)

   It has been specially enchanted to freeze those struck by it, causing extra
   injury to most foes and up to half again as much damage against particularly
   susceptible opponents.
   It can also slow down cold-blooded creatures.
   It protects you from cold.
   It lets you fly.
   It may make noises in combat.
 L - a +0 hunting sling of chaos
 P - a +4 battleaxe of flaming
Missiles
 z - 45 sling bullets
 Q - a throwing net (quivered)
Armour
 i - a +0 pair of boots (melded)
 k - a +0 cloak (melded)
 x - a +0 pair of gloves (melded)
 y - a +2 leather armour
 R - the +1 ring mail "Joull" (melded) {rElec Str-3 Int-5 Dex+9}
   (You found it on level 9 of the Dungeon)

   It affects your strength (-3).
   It affects your intelligence (-5).
   It affects your dexterity (+9).
   It insulates you from electricity.
Rods
 b - a +0 iron rod (9/9)
   (You found it on level 6 of the Dungeon)
Jewellery
 c - an uncursed ring of protection from cold
 f - a ring of fire (left branch)
 m - an uncursed ring of protection from magic
 s - an amulet of magic regeneration (around neck)
 C - a +2 ring of evasion (right branch)
Wands
 p - a wand of flame (24/48)
 u - a wand of lightning (4/15)
 A - a wand of slowing (4/48)
 F - a wand of enslavement (0/24)
Scrolls
 e - 4 scrolls of recharging
 o - 4 scrolls of remove curse
 t - a scroll of immolation
 w - a scroll of fog
Potions
 d - 6 potions of curing
 h - 2 potions of resistance
 j - a potion of invisibility
 r - a potion of berserk rage {unknown}
 B - a potion of cancellation {unknown}
 D - a potion of brilliance {unknown}
 E - a potion of haste {unknown}
 G - a potion of degeneration {unknown}
 H - a potion of cure mutation
 I - 2 potions of flight {unknown}
 K - a potion of magic
Books
 n - a book of Necromancy

   Spells                             Type                      Level
   a - Pain                           Necromancy                   1
   b - Animate Skeleton               Necromancy                   1
   c - Vampiric Draining              Necromancy                   3
   d - Regeneration                   Charms/Necromancy            3
   e - Animate Dead                   Necromancy                   4
   f - Control Undead                 Necromancy                   4
 N - a book of Battle

   Spells                             Type                      Level
   a - Infusion                       Charms                       1
   b - Shroud of Golubria             Charms/Translocation         2
   c - Song of Slaying                Charms                       2
   d - Spectral Weapon                Hexes/Charms                 3
   e - Regeneration                   Charms/Necromancy            3
Comestibles
 g - 4 meat rations
 O - 4 bread rations


   Skills:
 - Level 5.3 Fighting
 + Level 10.3(11.9) Axes
   Level 10.0(11.8) Polearms
 - Level 1.7 Armour
 - Level 0.8 Dodging
 - Level 1.2 Evocations


You had 6 spell levels left.
You knew the following spells:

 Your Spells              Type           Power        Failure   Level  Hunger
w - Spectral Weapon       Hex/Chrm       #.......     83%         3    ####...


Dungeon Overview and Level Annotations

Branches:
Dungeon (10/15)            Temple (1/1) D:7            Lair (1/6) D:8
    Orc (0/2) D:9

Altars:
Ashenzari
Cheibriados
Dithmenos
Elyvilon
Fedhas
Gozag
Hepliaklqana
Kikubaaqudgha
Makhleb
Qazlal
Ru
Sif Muna
Uskayaw
Vehumet
Xom
Zin
The Shining One

Annotations:
D:7 exclusion: downstairs
D:9 Amnesiac's ghost, journeyman DEEE
Lair:1 exclusion: 2 oklob plants IceCv exclusion: ice statue


Innate Abilities, Weirdness & Mutations

((You have a pair of antennae on your head.))
((Your flesh is heat resistant. (rF+)))
You are immune to clouds of flame.


Message History

You slash the polar bear! You freeze the polar bear.
The yak bellows!
The polar bear goes berserk!
The death yak gores you but does no damage.
Unknown command.
Unknown command.
You hit the death yak. You freeze the death yak.
The death yak is severely wounded.
You slash the polar bear! You freeze the polar bear.
The yak bellows!
The polar bear barely misses you.
The polar bear claws you but does no damage. x2
The polar bear bites you!
* * * LOW HITPOINT WARNING * * *
The polar bear claws you but does no damage. x2
The death yak gores you.
* * * LOW HITPOINT WARNING * * *
The polar bear bites you!
You die...
Xom chortles!

###.# ###...##...#
#...####...####..##
#.8.##...####...#
#...##..# #....#
#..###..####..∩#
#..####..##∩..## h
##..##..(.##### #.
###....#.## #..
#♣########
#.§.h#YYYY#
##.§#####.#
##......#..#
####.##{.## ###
#.{{# ##..# .## #


You could see a death yak (inner flame), a polar bear (berserk) and 3 yaks.

Vanquished Creatures
  Maurice (D:8)
  A spiny frog (Lair:1)
  A kobold demonologist (D:6)
  A polar bear (IceCv)
  A hippogriff (Lair:1)
  A wyvern (D:9)
  5 yaks
  Edmund (D:5)
  A warg (D:9)
  A water moccasin (Lair:1)
  An orc warrior (D:9)
  An ogre (D:8)
  3 ice beasts
  15 wolves
  A centaur (D:8)
  A crocodile (D:8)
  A bullfrog (Lair:1)
  3 big kobolds (D:5)
  A wyvern skeleton (D:9)
  A scorpion (D:5)
  3 crimson imps
  A bullfrog zombie (D:8)
  3 centaur skeletons
  A bullfrog skeleton (D:6)
  6 hounds
  A jelly (D:9)
  2 orc priests
  7 orc wizards
  2 iguanas
  Natasha (D:3)
  4 worker ants
  A hound skeleton (D:4)
  13 mummies (Ossuary)
  A worker ant zombie (D:8)
  7 gnolls (D:5)
  5 adders
  2 shadow imps
  An ooze (D:2)
  An adder skeleton (D:5)
  4 worms
  2 dart slugs
  2 leopard geckos
  28 orcs
  5 giant cockroaches
  26 goblins
  25 hobgoblins
  7 jackals
  5 quokkas
  A ball python (D:8)
  6 bats
  4 frilled lizards
  2 gnoll skeletons (Ossuary)
  A goblin skeleton (Ossuary)
  8 kobolds
  2 kobold skeletons (Ossuary)
  A leopard gecko skeleton (D:4)
  3 orc skeletons (Ossuary)
  A quokka zombie (D:5)
  4 rats
  11 rat skeletons (Ossuary)
252 creatures vanquished.

Vanquished Creatures (collateral kills)
  A water moccasin (Lair:1)
  A jackal (D:1)
2 creatures vanquished.

Vanquished Creatures (others)
  A jackal (D:3)
1 creature vanquished.

Grand Total: 255 creatures vanquished

Notes
Turn   | Place    | Note
-------+----------+-------------------------------------------
     0 | D:1      | Charly the Demonspawn Chaos Knight began the quest for the Orb.
     0 | D:1      | Reached XP level 1. HP: 18/18 MP: 1/1
    14 | D:1      | XOM: divination: detect items
   125 | D:1      | XOM: potion effect (haste)
   170 | D:1      | XOM: potion effect (curing)
   171 | D:1      | Gained mutation: Your flesh is heat resistant. (rF+) [demonic ancestry]
   171 | D:1      | Reached XP level 2. HP: 24/24 MP: 2/2
   275 | D:1      | XOM: divination: detect items
   507 | D:2      | Reached XP level 3. HP: 29/29 MP: 3/3
   899 | D:3      | Noticed Natasha
   899 | D:3      | XOM: enchant monster (good)
   921 | D:3      | Killed Natasha
   921 | D:3      | Reached XP level 4. HP: 30/35 MP: 4/4
  1081 | D:3      | XOM: fake destruction
  1181 | D:3      | Reached skill level 5 in Polearms
  1255 | D:3      | XOM: summons 4 hostile shadow creatures
  1258 | D:3      | Reached XP level 5. HP: 38/41 MP: 5/5
  1278 | D:3      | XOM: cleaving
  1361 | D:5      | Entered Level 5 of the Dungeon
  1414 | D:4      | XOM: stat loss: -1 Int (12/13)
  1444 | D:4      | Noticed a black bear
  1485 | D:4      | Found a sacrificial altar of Ru.
  1576 | D:4      | Found a shattered altar of Ashenzari.
  1606 | D:4      | Reached XP level 6. HP: 40/47 MP: 6/6
  1618 | D:5      | Found a hazy altar of Hepliaklqana.
  1628 | D:4      | Found a deep blue altar of Sif Muna.
  1681 | D:4      | XOM: give mutations
  1681 | D:4      | Gained mutation: You are clumsy. (Dex -2) [Xom's mischief]
  1681 | D:4      | Gained mutation: You are dopey. (Int -2) [Xom's mischief]
  1762 | D:5      | Noticed Edmund
  1763 | D:5      | XOM: confuse monster(s)
  2068 | D:5      | XOM: scenery: 2 doors open
  2392 | D:5      | XOM: blink monster(s)
  2488 | D:5      | XOM: chaos upgrade
  2593 | D:5      | XOM: summons 1 hostile demon
  2604 | D:5      | XOM: confusion
  2613 | D:5      | XOM: fog
  2616 | D:5      | Killed Edmund
  2616 | D:5      | Gained mutation: You have a pair of small antennae on your head. [demonic ancestry]
  2616 | D:5      | Reached XP level 7. HP: 40/52 MP: 7/7
  2627 | D:5      | XOM: harmless Pois miscast
  2688 | D:5      | XOM: noise
  2741 | D:5      | XOM: blink monster(s)
  2798 | D:5      | XOM: cloud trail
  2945 | D:5      | XOM: scenery: 1 doors close
  2987 | D:5      | XOM: divination: detect creatures
  2988 | D:5      | XOM: cast spell 'Dispersal'
  3181 | D:5      | Reached XP level 8. HP: 35/60 MP: 8/8
  3342 | D:6      | Noticed a kobold demonologist
  3350 | D:6      | Killed a kobold demonologist
  3406 | D:7      | Found a staircase to the Ecumenical Temple.
  3411 | Temple   | Entered the Ecumenical Temple
  3601 | D:8      | XOM: stealth player
  3707 | D:7      | Found a sand-covered staircase.
  3716 | Ossuary  | Entered an ossuary
  4026 | Ossuary  | XOM: harmless Air miscast
  4249 | D:9      | Reached skill level 5 in Fighting
  4357 | D:6      | XOM: potion effect (haste)
  4705 | D:7      | XOM: harmless Ice miscast
  4711 | D:7      | Reached skill level 10 in Polearms
  4711 | D:7      | Reached skill level 1 in Evocations
  4871 | D:8      | Learned a level 3 spell: Spectral Weapon
  4920 | D:8      | Noticed Maurice
  5045 | D:8      | FROSTBITE
  5051 | D:8      | Reached skill level 1 in Axes
  5052 | D:8      | Gained mutation: You have a pair of antennae on your head. [demonic ancestry]
  5052 | D:8      | Reached XP level 9. HP: 68/68 MP: 9/9
  5164 | D:8      | XOM: potion effect (agility)
  5306 | D:8      | Found a staircase to the Lair.
  5312 | D:8      | XOM: potion effect (invisibility)
  5315 | D:8      | Reached skill level 5 in Axes
  5356 | D:8      | Killed Maurice
  5517 | D:9      | Found a staircase to the Orcish Mines.
  5595 | D:9      | Noticed Amnesiac's ghost (journeyman DEEE)
  5609 | D:9      | XOM: divination: magic mapping
  5619 | D:9      | XOM: divination: detect creatures
  5756 | D:9      | XOM: summons 2 hostile shadow creatures
  5757 | D:9      | Noticed a troll
  5926 | D:10     | Entered Level 10 of the Dungeon
  5996 | D:9      | Found a hide-covered altar of Uskayaw.
  5998 | D:9      | Noticed a dagger
  5998 | D:9      | Noticed a dagger
  6085 | D:9      | Gained mutation: You are immune to clouds of flame. [demonic ancestry]
  6085 | D:9      | Reached XP level 10. HP: 39/74 MP: 10/10
  6085 | D:9      | XOM: scenery: create altars
  6119 | D:9      | Got an encrusted ring mail
  6130 | D:9      | Identified the +1 ring mail "Joull" {rElec Str-3 Int-5 Dex+9} (You found it on level 9 of the Dungeon)
  6131 | D:9      | Found a radiant altar of Vehumet.
  6168 | Lair:1   | Entered Level 1 of the Lair of Beasts
  6177 | Lair:1   | XOM: scenery: create altars
  6211 | Lair:1   | XOM: summons 10 friendly demons
  6263 | Lair:1   | XOM: give mutations
  6263 | Lair:1   | Gained mutation: Your spells are a little harder to cast, but a little more powerful. [Xom's grace]
  6263 | Lair:1   | Gained mutation: You are robust. (+10% HP) [Xom's grace]
  6264 | Lair:1   | Noticed an oklob plant
  6264 | Lair:1   | Noticed an oklob plant
  6279 | Lair:1   | XOM: god gift: bloodstained centaur barding {god gift}
  6289 | Lair:1   | XOM: enchant monster (bad)
  6314 | Lair:1   | XOM: give mutation
  6314 | Lair:1   | Gained mutation: You are very clumsy. (Dex -4) [Xom's mischief]
  6480 | D:8      | XOM: scenery: create altars
  6587 | Lair:1   | Noticed a spiny frog
  6600 | Lair:1   | Killed a spiny frog
  6620 | Lair:1   | Found a frozen archway.
  6623 | IceCv    | Entered an ice cave
  6877 | IceCv    | Noticed an ice statue
  6878 | IceCv    | XOM: noise
  7152 | IceCv    | XOM: 1-stop teleportation journey
  7162 | IceCv    | XOM: confuse monster(s)
  7163 | IceCv    | Reached skill level 10 in Axes
  7173 | IceCv    | Lost mutation: Your spells are a little harder to cast, but a little more powerful. [potion of cure mutation]
  7173 | IceCv    | Lost mutation: You are dopey. (Int -2) [potion of cure mutation]
  7173 | IceCv    | Lost mutation: You are very clumsy. (Dex -4) [potion of cure mutation]
  7173 | IceCv    | Lost mutation: You are clumsy. (Dex -2) [potion of cure mutation]
  7173 | IceCv    | Lost mutation: You are robust. (+10% HP) [potion of cure mutation]
  7174 | IceCv    | XOM: smoke on damage
  7175 | IceCv    | Noticed a death yak
  7177 | IceCv    | XOM: cast spell 'Chain of Chaos'
  7188 | IceCv    | Slain by a polar bear

Vault maps used:
D:1:      dpeg_arrival_tiny_c
D:2:      nemelex_altar_shiori, hangedman_decor_clover_reticule,
          grunt_gozag_breadcrumbs
D:3:      hex_intersection, hex_large, uniq_natasha
D:4:      old_standard_altar, ashenzari_conservatory_becter,
          nicolae_ru_awakened_eye
D:5:      minmay_goblin_kobold_castle, lemuel_round_altar,
          overflow_temple_1_default, first_bread, uniq_edmund
D:6:      serial_co_window_serial, co_window_paths_a,
          co_window_of_opportunity_a, co_window_of_opportunity_a,
          co_window_paths_a, co_window_of_opportunity_a, co_window_corner_b,
          co_window_cross_4, co_window_2corner, co_window_2corner,
          co_window_corner_ca, co_window_4corner_a, co_window_4corner_b,
          glass_columns_b, glass_columns_a, glass_columns_b, glass_columns_a,
          glass_columns_c, makhleb_heckhound_becter, uniq_menkaure, uniq_pikel
D:7:      grunt_temple_overflow_bloody_war, chequers_ossuary_entry_cave
D:8:      kennysheep_blocky_hall, dpeg_lair_monsters, grunt_ogre_cave,
          uniq_maurice
D:9:      fiery_altar_vehumet, dancing_weapons_uskayaw, david_orc_3
D:10:     lemuel_insect_pit
Temple:   grunt_temple_mini_profane
Lair:1:   portal_ice_cave_rime, disabler_island
Ossuary:  ossuary_due_small_catacomb
IceCv:    ice_cave_caverns_03

Skill      XL: |  1  2  3  4  5  6  7  8  9 10 |
---------------+-------------------------------+-----
Polearms       | 3 4 5 6 7 8 10 | 10.0
Fighting       | 5 |  5.3
Evocations     | 1 |  1.2
Axes           | 1 7 10 | 10.3
Armour         | |  1.7
Dodging        | |  0.8

Action                   |  1- 3 |  4- 6 |  7- 9 | 10-12 || total
-------------------------+-------+-------+-------+-------++-------
Melee: Spear             |   142 |   284 |   480 |       ||   906
       Battleaxe         |       |       |     5 |    25 ||    30
       Executioner's axe |       |       |    76 |    68 ||   144
 Fire: Hunting sling     |       |     2 |    34 |       ||    36
Throw: Javelin           |       |     1 |     1 |       ||     2
Evoke: Wand              |     1 |     6 |    10 |     3 ||    20
       Rod               |       |       |     9 |     1 ||    10
  Use: Scroll            |       |     7 |     6 |     7 ||    20
       Potion            |       |     2 |       |     8 ||    10
 Stab: Sleeping          |     1 |       |     2 |       ||     3
       Petrified         |    10 |     2 |       |       ||    12
       Paralysed         |       |     6 |     5 |       ||    11
       Petrifying        |       |     2 |     1 |       ||     3
       Confused          |       |     1 |     4 |       ||     5
       Invisible         |       |       |     1 |     4 ||     5
       Distracted        |       |       |       |     1 ||     1
  Eat: Fruit             |     2 |       |     2 |       ||     4
       Chunk             |       |     4 |     6 |       ||    10
       Pizza             |       |     1 |       |       ||     1
       Bread ration      |       |       |     2 |       ||     2
       Beef jerky        |       |       |     7 |       ||     7
Armor: Leather armour    |    17 |    76 |    76 |     1 ||   170
       Ring mail         |       |       |       |    46 ||    46
       Skin              |       |       |       |    30 ||    30
Dodge: Dodged            |    42 |   117 |   152 |    90 ||   401
